 Dungeon Crawl Stone Soup version 0.26-a0-597-gb535b0901c (webtiles) character file.

Game seed: 18131401884860819910

8384 Flugslaktarn the Warrior (level 11, -11/113 HPs)
             Began as a Minotaur Fighter on Sept 13, 2020.
             Was a Priest of Makhleb.
             Mangled by a death yak (19 damage)
             ... on level 10 of the Dungeon.
             The game lasted 00:04:45 (9718 turns).

Flugslaktarn the Warrior (Minotaur Fighter)         Turns: 9718, Time: 00:04:45

Health: -11/113    AC: 13    Str: 22    XL:     11   Next: 9%
Magic:  13/13      EV:  8    Int:  7    God:    Makhleb [***...]
Gold:   228        SH: 16    Dex: 16    Spells: 10/10 levels left

rFire    . . .     SeeInvis .   a - +0 war axe
rCold    . . .     Faith    .   c - +0 kite shield
rNeg     . . .     Spirit   .   b - +0 scale mail
rPois    .         Reflect  +   (helmet restricted)
rElec    .         Harm     .   (no cloak)
rCorr    .                      l - +2 pair of gloves
MR       +....                  i - +1 pair of boots
Stlth    ..........             g - amulet of reflection
HPRegen  0.28/turn              m - ring of protection from magic
MPRegen  0.13/turn              v - +6 ring of dexterity

@: no status effects
A: retaliatory headbutt, horns 2
a: Minor Destruction, Lesser Servant of Makhleb, Renounce Religion


You were on level 10 of the Dungeon.
You worshipped Makhleb.
Makhleb was most pleased with you.
You visited 1 branch of the dungeon, and saw 10 of its levels.
You also visited: Bailey.

You collected 408 gold pieces.
You spent 180 gold pieces at shops.

Inventory:

Hand Weapons
 a - a +0 war axe (weapon)
Armour
 b - a +0 scale mail (worn)
 c - a +0 kite shield (worn)
 i - a +1 pair of boots (worn)
   (You found it on level 9 of the Dungeon)
 l - a +2 pair of gloves (worn)
   (You found it on level 7 of the Dungeon)
Jewellery
 g - an amulet of reflection (around neck)
   (You found it on level 6 of the Dungeon)
 m - a ring of protection from magic (left hand)
   (You found it on level 9 of the Dungeon)
 v - a +6 ring of dexterity (right hand)
   (You found it on level 6 of the Dungeon)
Wands
 w - a wand of paralysis (1)
   (You took it off a centaur on level 9 of the Dungeon)
Scrolls
 d - 3 scrolls of fog
 f - 2 scrolls of enchant armour
 j - a scroll of fear
 n - 3 scrolls of immolation
 o - 2 scrolls of amnesia
 r - 3 scrolls of identify
 t - 3 scrolls of teleportation
 u - 2 scrolls of magic mapping
 x - a scroll of remove curse
 y - a scroll of enchant weapon
 z - 2 scrolls of blinking
Potions
 e - a potion of mutation
 h - 2 potions of lignification
 k - a potion of experience
 p - a potion of cancellation
 q - 2 potions of curing
 s - 2 potions of ambrosia


   Skills:
 + Level 15.6 Fighting
 * Level 9.8 Axes
 + Level 7.7 Armour
 + Level 7.7 Shields
 + Level 4.4 Invocations


You had 10 spell levels left.
You didn't know any spells.
Your spell library was empty.

Dungeon Overview and Level Annotations

Branches:
Dungeon (10/15)            Temple (0/1) D:5            Lair (0/6) D:10
 Bailey (visited)
    Orc: D:9-12

Altars:
Cheibriados
Kikubaaqudgha
Makhleb
Ru
Sif Muna
Vehumet

Shops:
D:5 (   D:6 *

Portals:
Sewer: D:3


Innate Abilities, Weirdness & Mutations

You reflexively headbutt those who attack you in melee.
You have a pair of horns on your head.


Message History

You hit the death yak but do no damage. You block the death yak's attack.
The death yak closely misses you.
You hit the death yak.
The death yak is almost dead.
You hit the death yak. You slash the death yak!
You hit the death yak but do no damage. The death yak gores you.
The death yak gores you!
You hit the death yak but do no damage.
The death yak is almost dead.
You barely miss the death yak. You slash the death yak! x2
You hit the death yak but do no damage. x2; You block the death yak's attack.
The death yak gores you!
* * * LOW HITPOINT WARNING * * *
The death yak gores you!!
* * * LOW HITPOINT WARNING * * *
You block the death yak's attack. The death yak closely misses you.
You furiously retaliate!
You headbutt the death yak, but do no damage.
The death yak gores you!!
You die...

###...........#
######.######
##.# #..# ##.##
###..# #...##
###Y+######
#.Y@YY....#
+..YYY.#...+
#}......# .#
......#....
##....#Y....#
##... ......#
#.). >.....#
#... ......#


You could see 8 death yaks.

Vanquished Creatures
  Pikel (D:4)
  Grinder (D:4)
  A hornet (D:8)
  2 hippogriffs (D:8)
  3 wyverns
  Menkaure (D:6)
  3 orc warriors
  3 ice beasts
  3 sky beasts
  A black bear (D:6)
  A necrophage (D:6)
  10 ogres
  3 centaurs
  A lemure (D:4)
  A bullfrog (D:7)
  Blork the orc (D:4)
  2 scorpions
  13 killer bees
  12 wights
  2 howler monkeys
  2 bullfrog zombies
  5 hounds
  A gnoll shaman (D:8)
  5 orc priests
  2 bullfrog skeletons (D:9)
  6 orc wizards
  2 iguanas
  5 worker ants
  A hound zombie (D:6)
  2 hound skeletons
  9 gnolls
  7 adders
  A howler monkey skeleton (D:9)
  2 shadow imps (D:8)
  2 white imps
  2 ufetubi (D:7)
  An ooze (D:4)
  2 worms
  2 dart slugs (D:2)
  9 leopard geckos
  25 orcs
  2 ball pythons
  5 giant cockroaches
  10 goblins
  A hobgoblin (D:1)
  2 jackals (D:1)
  7 kobolds
  2 quokkas
  5 bats
  5 frilled lizards
  2 jackal skeletons
  2 leopard gecko skeletons
  3 rats
204 creatures vanquished.

Notes
Turn   | Place    | Note
-------+----------+-------------------------------------------
     0 | D:1      | Flugslaktarn the Minotaur Fighter began the quest for the
                  | Orb.
     0 | D:1      | Reached XP level 1. HP: 19/19 MP: 0/0
   212 | D:1      | Reached XP level 2. HP: 22/27 MP: 1/1
   379 | D:1      | Reached skill level 4 in Fighting
   763 | D:2      | Reached XP level 3. HP: 15/33 MP: 2/2
  1478 | D:2      | Reached XP level 4. HP: 36/41 MP: 3/3
  1719 | D:3      | Found a radiant altar of Vehumet.
  1723 | D:3      | Found an ancient bone altar of Kikubaaqudgha.
  1724 | D:3      | Found a shimmering blue altar of Sif Muna.
  1861 | D:3      | Found a glowing drain.
  2051 | D:4      | Noticed a lemure
  2067 | D:4      | Killed a lemure
  2185 | D:4      | Noticed Pikel
  2185 | D:4      | Noticed a lemure
  2185 | D:4      | Noticed a lemure
  2186 | D:4      | Noticed a lemure
  2218 | D:4      | Killed Pikel
  2218 | D:4      | Reached skill level 6 in Fighting
  2218 | D:4      | Reached skill level 5 in Axes
  2218 | D:4      | Reached skill level 5 in Armour
  2218 | D:4      | Reached skill level 5 in Shields
  2218 | D:4      | Reached XP level 5. HP: 16/51 MP: 4/4
  2218 | D:4      | Reached XP level 6. HP: 18/58 MP: 5/5
  2218 | D:4      | Reached XP level 7. HP: 20/64 MP: 6/6
  2511 | D:4      | Found a snail-covered altar of Cheibriados.
  2512 | D:4      | Found a burning altar of Makhleb.
  2524 | D:4      | Became a worshipper of Makhleb the Destroyer
  2682 | D:4      | Noticed Blork the orc
  2691 | D:4      | Killed Blork the orc
  2691 | D:4      | Reached skill level 1 in Invocations
  2841 | D:4      | Noticed Grinder
  2845 | D:4      | Paralysed by Grinder for 5 turns
  2863 | D:4      | Killed Grinder
  2863 | D:4      | Reached skill level 7 in Fighting
  3191 | D:5      | Entered Level 5 of the Dungeon
  3220 | D:5      | Reached XP level 8. HP: 73/73 MP: 8/8
  3313 | D:5      | Found Yciviovi's Antique Weapon Boutique.
  3920 | D:5      | Reached skill level 8 in Fighting
  4129 | D:5      | Found a staircase to the Ecumenical Temple.
  4249 | D:6      | Noticed Menkaure
  4256 | D:6      | Killed Menkaure
  4478 | D:6      | Reached * piety under Makhleb
  4491 | D:6      | Found Haolluam's General Store.
  4497 | D:6      | Reached XP level 9. HP: 64/82 MP: 10/10
  4627 | D:6      | Reached skill level 15 in Fighting
  4627 | D:6      | Reached XP level 10. HP: 43/105 MP: 11/11
  5029 | D:6      | Bought 2 scrolls of enchant armour for 180 gold pieces
  5772 | D:7      | Found a flagged portal.
  5773 | D:7      | Reached ** piety under Makhleb
  5883 | Bailey   | Entered a bailey
  6254 | Bailey   | Found an iron altar of Okawaru.
  6254 | Bailey   | Noticed an orc high priest
  6275 | Bailey   | Noticed a sun demon
  6934 | D:7      | Found a sacrificial altar of Ru.
  7638 | D:8      | Reached *** piety under Makhleb
  8410 | D:8      | Paralysed by a hornet for 1 turns
  8837 | D:9      | Reached XP level 11. HP: 70/113 MP: 13/13
  8908 | D:9      | Paralysed by a centaur for 2 turns
  9694 | D:10     | Entered Level 10 of the Dungeon
  9706 | D:10     | Noticed a death yak
  9707 | D:10     | Found a staircase to the Lair.
  9707 | D:10     | Noticed a death yak
  9708 | D:10     | Noticed a death yak
  9708 | D:10     | Noticed a death yak
  9711 | D:10     | Noticed a death yak
  9711 | D:10     | Noticed a death yak
  9712 | D:10     | Noticed a death yak
  9713 | D:10     | Noticed a death yak
  9718 | D:10     | Mangled by a death yak

Illustrated notes

Levels and vault maps discovered:
D:1:      dpeg_arrival_tiny_i, layout_loops_ring, solitary_fountain,
          kennysheep_crisscross
D:2:      layout_loops_corners, grunt_decor_fettered, trog_book
D:3:      layout_basic, grunt_temple_overflow_magic_moments, marbit_many_paths,
          portal_sewer_entry_f
D:4:      layout_basic, grunt_temple_overflow_open, uniq_pikel,
          uniq_blork_the_orc, uniq_grinder
D:5:      layout_loops_ring, minmay_temple_entry_poolview, serial_shops,
          nicolae_shop_window_shopping
D:6:      layout_basic, serial_shops, nicolae_shop_competitors_out_of_business,
          uniq_menkaure
D:7:      layout_basic, enter_bailey_3, nicolae_ru_awakened_eye
D:8:      layout_basic
D:9:      layout_roguey, minmay_between
D:10:     layout_roguey, dpeg_lair_monsters,
          ploomutoo_gammafunk_ghost_potion_laboratory

Skill      XL: |  1  2  3  4  5  6  7  8  9 10 |
---------------+-------------------------------+-----
Axes           | 3 5 6 8 9 |  9.8
Fighting       | 4 6 7 8 15 | 15.6
Shields        | 4 5 6 7 |  7.7
Armour         | 4 5 6 7 |  7.7
Invocations    | 1 3 4 |  4.4

Action                   |  1- 3 |  4- 6 |  7- 9 | 10-12 || total
-------------------------+-------+-------+-------+-------++-------
Melee: War axe           |    69 |    62 |   137 |   340 ||   608
       Headbutt          |     4 |    10 |    37 |    67 ||   118
  Use: Potion            |       |     2 |     5 |     2 ||     9
       Scroll            |       |       |       |    13 ||    13
Armor: Scale mail        |    41 |    23 |    51 |   144 ||   259
       Skin              |       |       |     1 |     1 ||     2
Dodge: Dodged            |    24 |    26 |    33 |   136 ||   219
Block: Kite shield       |    46 |    33 |    71 |   226 ||   376
       Reflection        |       |       |       |     3 ||     3

Table legend: (Time is in decaauts)
 A = Elapsed time spent in this place.
 B = Non-inter-level travel time spent in this place.
 C = Inter-level travel time spent in this place.
 D = Time resting spent in this place.
 E = Time spent auto-exploring this place.
 F = Levels seen in this place.
 G = Mean time per level.
                   A        B        C        D        E       F      G
               +--------+--------+--------+--------+--------+-----+--------+
         Total |   9834 |   9696 |    138 |    501 |   7799 |  11 |  894.0 |
       Dungeon |   9431 |   9293 |    138 |    501 |   7443 |  10 |  943.1 |
        Bailey |    403 |    403 |      0 |      0 |    356 |   1 |  403.0 |
               +--------+--------+--------+--------+--------+-----+--------+

Top non-repeatable levels by time:
     D:8: 1599 daAuts
     D:6: 1461 daAuts
     D:4: 1328 daAuts
     D:7: 1138 daAuts
     D:5: 1066 daAuts
     D:1: 972 daAuts
     D:9: 884 daAuts
     D:2: 588 daAuts
  Bailey: 403 daAuts
     D:3: 368 daAuts
    D:10: 24 daAuts
